 Dungeon Crawl Stone Soup version 0.29.1 (webtiles) character file.

Game seed: 1834292223559722699

18428 qw the Severer (level 12, -17/104 HPs)
             Began as a Minotaur Berserker on Sept 13, 2022.
             Was an Elder of Trog.
             Demolished by a death yak (18 damage)
             ... on level 3 of the Lair of Beasts.
             The game lasted 00:04:26 (14140 turns).

qw the Severer (Minotaur Berserker)                Turns: 14140, Time: 00:04:26

Health: -17/104    AC: 19    Str: 34    XL:     12   Next: 27%
Magic:  11/11      EV:  7    Int:  4    God:    Trog [****..]
Gold:   654        SH: 17    Dex:  9    Spells: 11/11 levels left

rFire   + . .      SeeInvis .   Y - +1 war axe
rCold   + . .      Faith    .   l - +0 tower shield
rNeg    . . .      Spirit   .   p - +0 plate armour
rPois   .          Reflect  .   a - +2 hat
rElec   .          Harm     .   m - scarf {rC+ rF+}
rCorr   .          Rampage  .   (no gloves)
Will    .....                   (no boots)
Stlth   ..........              (no amulet)
HPRegen 0.27/turn               s - +6 ring of strength
MPRegen 0.12/turn               e - +4 ring of protection

@: about to teleport, on berserk cooldown, slowed, very slow
A: horns 2, retaliatory headbutt
a: Renounce Religion, Berserk, Trog's Hand, Brothers in Arms


You were on level 3 of the Lair of Beasts.
You worshipped Trog.
Trog was greatly pleased with you.
You visited 2 branches of the dungeon, and saw 11 of its levels.

You collected 654 gold pieces.


Innate Abilities, Weirdness & Mutations

You have a pair of horns on your head.
You reflexively headbutt those who attack you in melee.


   Skills:
 - Level 9.0 Fighting
 - Level 16.0 Axes
 - Level 3.2 Throwing
 - Level 7.0 Armour
 - Level 3.0 Dodging
 + Level 14.3 Shields


You had 11 spell levels left.
You didn't know any spells.
Your spell library was empty.

Inventory:

Hand Weapons
 u - a +0 morningstar
 Y - a +1 war axe (weapon)
Missiles
 c - 2 boomerangs
 f - 2 silver boomerangs (quivered)
Armour
 a - a +2 hat (worn)
 l - a +0 tower shield (worn)
 m - a scarf of resistance (worn)
 p - a +0 plate armour (worn)
Jewellery
 e - a +4 ring of protection (right hand)
 s - a +6 ring of strength (left hand)
Scrolls
 n - 3 scrolls of identify
Potions
 b - 3 potions of might
 d - a potion of mutation
 g - 2 potions of cancellation
 o - 2 potions of curing
 r - a potion of invisibility {unknown}

Dungeon Overview and Level Annotations

Branches:
Dungeon (8/15)             Temple (0/1) D:7            Lair (3/5) D:8
  Swamp (0/4) Lair:2       Spider (0/4) Lair:2

Altars:
Ashenzari
Dithmenos
Elyvilon
Gozag
Hepliaklqana
Kikubaaqudgha
Nemelex Xobeh
Ru
Vehumet
Zin

Shops:
D:5 *

Annotations:
D:4 Natasha
Lair:2 2 transporters, qw's ghost, journeyman MiBe


Message History

The death yak is moderately wounded.
You slash the death yak! You hit the death yak.
You block the death yak's attack. The death yak gores you!
You block the death yak's attack.
You barely miss the death yak.
The death yak is moderately wounded.
You slash the death yak! You barely miss the death yak. x2
You block the death yak's attack. The death yak gores you!!
The death yak gores you! The death yak barely misses you.
You hit the death yak but do no damage.
The death yak is moderately wounded.
You hit the death yak. You hit the death yak but do no damage.
You slash the death yak! You block the death yak's attack.
The death yak barely misses you. The death yak closely misses you.
The death yak gores you. You block the death yak's attack.
The death yak gores you but does no damage.
The death yak gores you. You block the death yak's attack.
You slash the death yak!
You headbutt the death yak, but do no damage.
The death yak is heavily wounded.
You barely miss the death yak. You hit the death yak. You slash the death yak!
The death yak gores you but does no damage.
The death yak barely misses you. You block the death yak's attack.
The death yak gores you but does no damage.
You slash the death yak!
The death yak is heavily wounded.
You barely miss the death yak.
You hit the death yak but do no damage. x2
The death yak gores you!
The death yak gores you but does no damage.
You block the death yak's attack.
The death yak gores you but does no damage.
14140 ||| READING scroll of teleportation.
As you read the scroll of teleportation, it crumbles to dust.
You feel strangely unstable. You block the death yak's attack.
The death yak gores you! x2
You block the death yak's attack.
The death yak gores you but does no damage.
The death yak gores you!!
You die...

##......#
.......##.}.##.....
##....##
........#.....#.....
#.#####
..##.##...........##.
### ...........#...
.##........#... .#.
##.....##.#.# ...#
#####.}.#.##.##
..##.Y####.###+#....####
.....YY@%.........### #.
......YYY..........## #.
....................# #.
#.#.#.####P##..###### ##
# # ## #######


You could see 6 death yaks.

Vanquished Creatures
  Pikel (D:7)
  A will-o-the-wisp (Lair:2)
  Joseph (D:7)
  8 cane toads
  A rime drake (Lair:2)
  A torpor snail (Lair:3)
  7 komodo dragons
  2 trolls (D:8)
  Prince Ribbit (D:6)
  9 blink frogs (Lair:1)
  4 dream sheep (Lair:3)
  A wyvern (Lair:3)
  2 steam dragons
  Menkaure (D:7)
  16 yaks
  2 redbacks (Lair:2)
  A warg (Lair:1)
  6 water moccasins
  2 sky beasts
  3 ice beasts
  2 orc warriors
  A black bear (Lair:3)
  25 wolves
  4 centaurs
  5 ogres
  4 lemures
  A kobold brigand (D:7)
  Blork the orc (D:6)
  13 bullfrogs
  A gnoll sergeant (D:8)
  6 scorpions
  9 hounds
  9 orc priests
  An iguana (D:7)
  A jelly (D:4)
  Natasha (D:4)
  3 orc wizards
  Robin (D:2)
  12 gnolls
  7 adders
  A white imp (D:8)
  An ufetubus (D:5)
  A worm (D:4)
  2 dart slugs
  37 orcs
  5 bats
  9 endoplasms
  A giant cockroach (D:4)
  17 goblins
  9 hobgoblins
  11 jackals
  5 quokkas
  9 ball pythons
  3 frilled lizards
  13 kobolds
  A rat (D:2)
302 creatures vanquished.

Vanquished Creatures (others)
  10 foxfires (Lair:2)
  26 fungi
  14 plants
50 creatures vanquished.

Grand Total: 352 creatures vanquished

Notes
Turn   | Place    | Note
-------+----------+-------------------------------------------
     0 | D:1      | qw the Minotaur Berserker began the quest for the Orb.
     0 | D:1      | Reached XP level 1. HP: 19/19 MP: 0/0
     0 | D:1      | 0 ||| qw: Version: 0.1-a-119-g272c26d
     0 | D:1      | 0 ||| qw: Game counter: 11109
     0 | D:1      | 0 ||| qw: Always use a shield: true
     0 | D:1      | 0 ||| qw: Do Orc after D:15 true
     0 | D:1      | 0 ||| qw: Do second Lair branch before Depths: true
     0 | D:1      | 0 ||| qw: Lair rune preference: random
     0 | D:1      | 0 ||| qw: Plans: Normal
     0 | D:1      | 0 ||| PLANNING D:1-11
    57 | D:1      | Reached skill level 4 in Axes
   113 | D:1      | Reached XP level 2. HP: 21/26 MP: 1/1
   693 | D:1      | 693 ||| UPGRADING to +0 chain mail.
   703 | D:1      | 703 ||| DROPPING +0 animal skin.
   704 | D:1      | 704 ||| UPGRADING to +0 tower shield.
   709 | D:1      | 709 ||| UPGRADING to scarf of resistance.
   714 | D:1      | 714 ||| DROPPING amulet of faith.
   715 | D:1      | 715 ||| READING scroll labelled MUGIJAUTHRU.
   716 | D:1      | 716 ||| READING scroll labelled WOHYEQ ATTUDGH.
   717 | D:1      | 717 ||| READING 3 scrolls labelled TEINEUCYMP.
   718 | D:1      | 718 ||| READING 2 scrolls of enchant weapon.
   718 | D:1      | 718 ||| ENCHANTING +1 hand axe.
   719 | D:1      | 719 ||| READING scroll of enchant weapon.
   719 | D:1      | 719 ||| ENCHANTING +2 hand axe.
   720 | D:1      | 720 ||| READING scroll labelled ENAUKO NOIDD.
   721 | D:1      | 721 ||| READING scroll labelled GEOKUENTEA.
   762 | D:2      | Found an opulent altar of Gozag.
   868 | D:2      | Noticed Robin
   869 | D:2      | 869 ||| Stepping ~*~*~tactically~*~*~ (hiding).
   875 | D:2      | 875 ||| INVOKING Berserk.
   877 | D:2      | Reached skill level 1 in Shields
   883 | D:2      | Reached XP level 3. HP: 31/31 MP: 2/2
   887 | D:2      | Killed Robin
   887 | D:2      | Reached ** piety under Trog
  1095 | D:2      | Reached skill level 3 in Shields
  1190 | D:2      | 1190 ||| Stepping ~*~*~tactically~*~*~ (stealth).
  1194 | D:2      | 1194 ||| Stepping ~*~*~tactically~*~*~ (stealth).
  1195 | D:2      | 1195 ||| Stepping ~*~*~tactically~*~*~ (stealth).
  1197 | D:2      | 1197 ||| Stepping ~*~*~tactically~*~*~ (stealth).
  1198 | D:2      | 1198 ||| Stepping ~*~*~tactically~*~*~ (stealth).
  1369 | D:2      | Found a faded altar of an unknown god.
  1422 | D:2      | Reached XP level 4. HP: 39/39 MP: 3/3
  1742 | D:2      | 1742 ||| READING scroll labelled EDUJYKKAPT.
  1743 | D:2      | 1743 ||| READING scroll labelled PEAQYOJO ZOINK.
  1766 | D:3      | 1766 ||| Stepping ~*~*~tactically~*~*~ (hiding).
  1784 | D:3      | 1784 ||| FLEEEEING.
  1785 | D:3      | 1785 ||| STAIRDANCE
  1855 | D:3      | 1855 ||| Stepping ~*~*~tactically~*~*~ (stealth).
  1909 | D:3      | 1909 ||| INVOKING Berserk.
  1912 | D:3      | Reached XP level 5. HP: 45/45 MP: 4/4
  1950 | D:3      | 1950 ||| SWAPPING to +0 war axe.
  1951 | D:3      | 1951 ||| DROPPING +3 hand axe.
  1961 | D:3      | 1961 ||| DROPPING +0 mace.
  2021 | D:3      | 2021 ||| Stepping ~*~*~tactically~*~*~ (hiding).
  2035 | D:3      | 2035 ||| INVOKING Berserk.
  2370 | D:3      | Noticed an ogre
  2375 | D:3      | 2375 ||| INVOKING Berserk.
  2377 | D:3      | Killed an ogre
  2378 | D:3      | Reached skill level 6 in Shields
  2514 | D:3      | 2514 ||| READING scroll labelled HEOFYH NISYATT.
  2515 | D:3      | 2515 ||| READING 2 scrolls of identify.
  2515 | D:3      | 2515 ||| IDENTIFYING glowing black potion
  2516 | D:3      | 2516 ||| DROPPING potion of attraction.
  2537 | D:4      | 2537 ||| INVOKING Berserk.
  2540 | D:4      | Reached skill level 5 in Axes
  2540 | D:4      | Reached XP level 6. HP: 51/51 MP: 5/5
  2691 | D:4      | 2691 ||| Stepping ~*~*~tactically~*~*~ (stealth).
  2726 | D:4      | Reached *** piety under Trog
  2816 | D:4      | Found a glowing silver altar of Zin.
  2899 | D:4      | 2899 ||| INVOKING Berserk.
  3014 | D:4      | 3014 ||| Stepping ~*~*~tactically~*~*~ (stealth).
  3017 | D:4      | 3017 ||| Stepping ~*~*~tactically~*~*~ (stealth).
  3018 | D:4      | Found a shadowy altar of Dithmenos.
  3019 | D:4      | 3019 ||| INVOKING Berserk.
  3094 | D:4      | Noticed Natasha
  3096 | D:4      | 3096 ||| INVOKING Berserk.
  3101 | D:4      | Killed Natasha
  3222 | D:4      | 3222 ||| INVOKING Berserk.
  3569 | D:4      | Noticed Natasha
  3570 | D:4      | 3570 ||| Stepping ~*~*~tactically~*~*~ (stealth).
  3571 | D:4      | 3571 ||| Stepping ~*~*~tactically~*~*~ (stealth).
  3764 | D:4      | Reached skill level 6 in Axes
  3827 | D:4      | 3827 ||| READING scroll labelled NATHRE XEUDUQO.
  3828 | D:4      | 3828 ||| READING 3 scrolls labelled MUREORATIY.
  3968 | D:4      | 3968 ||| READING scroll labelled NAMNAERESEA.
  3969 | D:4      | 3969 ||| READING 2 scrolls of identify.
  3969 | D:4      | 3969 ||| IDENTIFYING inky potion
  3970 | D:4      | 3970 ||| DROPPING 2 scrolls of torment.
  3971 | D:4      | 3971 ||| Stepping randomly (stuck).
  3972 | D:4      | 3972 ||| Stepping ~*~*~tactically~*~*~ (cloud).
  4163 | D:5      | Entered Level 5 of the Dungeon
  4252 | D:5      | 4252 ||| Stepping ~*~*~tactically~*~*~ (hiding).
  4257 | D:5      | 4257 ||| INVOKING Berserk.
  4272 | D:5      | Reached XP level 7. HP: 51/57 MP: 6/6
  4405 | D:5      | 4405 ||| INVOKING Berserk.
  4653 | D:5      | Found a white marble altar of Elyvilon.
  4662 | D:5      | Found a radiant altar of Vehumet.
  4664 | D:5      | Found Ikieph's General Store.
  4671 | D:5      | 4671 ||| Stepping ~*~*~tactically~*~*~ (stealth).
  4682 | D:5      | Reached skill level 1 in Throwing
  4768 | D:5      | 4768 ||| INVOKING Berserk.
  5029 | D:5      | 5029 ||| Stepping ~*~*~tactically~*~*~ (hiding).
  5213 | D:5      | 5213 ||| UPGRADING to +0 plate armour.
  5223 | D:5      | 5223 ||| DROPPING +0 chain mail.
  5224 | D:5      | 5224 ||| DRINKING 2 emerald potions.
  5296 | D:6      | 5296 ||| Stepping ~*~*~tactically~*~*~ (hiding).
  5301 | D:6      | Reached skill level 7 in Axes
  5392 | D:6      | 5392 ||| Stepping ~*~*~tactically~*~*~ (stealth).
  5420 | D:6      | Reached skill level 9 in Shields
  5420 | D:6      | Reached XP level 8. HP: 55/64 MP: 7/7
  5652 | D:6      | Reached skill level 3 in Armour
  6075 | D:6      | Noticed Prince Ribbit
  6078 | D:6      | 6078 ||| INVOKING Berserk.
  6087 | D:6      | Killed Prince Ribbit
  6088 | D:6      | Reached skill level 8 in Axes
  6258 | D:6      | Noticed Blork the orc
  6259 | D:6      | 6259 ||| Stepping ~*~*~tactically~*~*~ (hiding).
  6260 | D:6      | 6260 ||| Stepping ~*~*~tactically~*~*~ (hiding).
  6263 | D:6      | 6263 ||| INVOKING Berserk.
  6264 | D:6      | Killed Blork the orc
  6666 | D:6      | 6666 ||| DRINKING 2 viscous green potions.
  6667 | D:6      | 6667 ||| DRINKING 2 pink potions.
  6668 | D:6      | 6668 ||| DROPPING potion of brilliance.
  6721 | D:7      | Noticed Pikel
  6725 | D:7      | 6725 ||| STAIRDANCE
  6788 | D:7      | 6788 ||| INVOKING Berserk.
  6792 | D:7      | Killed Pikel
  6793 | D:7      | Reached skill level 10 in Axes
  6793 | D:7      | Reached XP level 9. HP: 72/72 MP: 8/8
  6793 | D:7      | 6793 ||| STAIRDANCE
  7203 | D:7      | Noticed Menkaure
  7207 | D:7      | 7207 ||| INVOKING Berserk.
  7209 | D:7      | Killed Menkaure
  7384 | D:7      | 7384 ||| Stepping ~*~*~tactically~*~*~ (stealth).
  7390 | D:7      | 7390 ||| Stepping ~*~*~tactically~*~*~ (hiding).
  7407 | D:7      | 7407 ||| Stepping ~*~*~tactically~*~*~ (stealth).
  7408 | D:7      | 7408 ||| Stepping ~*~*~tactically~*~*~ (stealth).
  7413 | D:7      | 7413 ||| Stepping ~*~*~tactically~*~*~ (stealth).
  7419 | D:7      | 7419 ||| READING scroll of enchant weapon.
  7419 | D:7      | 7419 ||| ENCHANTING +0 war axe.
  7423 | D:7      | Found a staircase to the Ecumenical Temple.
  7538 | D:7      | 7538 ||| Invisible monster not found???
  7660 | D:7      | 7660 ||| DROPPING +0 flail.
  7711 | D:7      | 7711 ||| INVOKING Berserk.
  7836 | D:7      | 7836 ||| Stepping ~*~*~tactically~*~*~ (stealth).
  7838 | D:7      | 7838 ||| Stepping ~*~*~tactically~*~*~ (stealth).
  7839 | D:7      | 7839 ||| INVOKING Berserk.
  7843 | D:7      | Reached **** piety under Trog
  7847 | D:7      | Reached skill level 6 in Fighting
  8052 | D:7      | Found a sacrificial altar of Ru.
  8096 | D:7      | Found a hazy altar of Hepliaklqana.
  8097 | D:7      | Noticed Joseph
  8098 | D:7      | 8098 ||| FLEEEEING.
  8099 | D:7      | 8099 ||| FLEEEEING.
  8102 | D:7      | 8102 ||| FLEEEEING.
  8103 | D:7      | 8103 ||| FLEEEEING.
  8104 | D:7      | 8104 ||| Stepping ~*~*~tactically~*~*~ (hiding).
  8110 | D:7      | 8110 ||| INVOKING Berserk.
  8123 | D:7      | HP: 12/75 [Joseph/+0 quarterstaff (11)]
  8123 | D:7      | HP: 5/75 [iguana (7)]
  8124 | D:7      | 8124 ||| DRINKING potion of heal wounds.
  8126 | D:7      | Killed Joseph
  8127 | D:7      | Reached skill level 11 in Axes
  8507 | D:7      | 8507 ||| UPGRADING to +6 ring of strength.
  8508 | D:7      | 8508 ||| READING scroll labelled BEHUNO DUNA.
  8511 | D:7      | 8511 ||| DRINKING 2 bubbling golden potions.
  8512 | D:7      | 8512 ||| READING 4 scrolls of identify.
  8512 | D:7      | 8512 ||| IDENTIFYING golden potion
  8513 | D:7      | 8513 ||| READING 3 scrolls of identify.
  8513 | D:7      | 8513 ||| IDENTIFYING glowing cyan potion
  8514 | D:7      | 8514 ||| READING 2 scrolls of identify.
  8514 | D:7      | 8514 ||| IDENTIFYING fuming grey potion
  8515 | D:7      | 8515 ||| DROPPING potion of berserk rage.
  8516 | D:7      | 8516 ||| DROPPING potion of magic.
  8549 | D:8      | 8549 ||| INVOKING Berserk.
  8717 | D:8      | Found an ancient bone altar of Kikubaaqudgha.
  8729 | D:8      | Noticed a troll
  8730 | D:8      | 8730 ||| Stepping ~*~*~tactically~*~*~ (stealth).
  8735 | D:8      | 8735 ||| INVOKING Berserk.
  8739 | D:8      | Killed a troll
  8740 | D:8      | Reached XP level 10. HP: 83/83 MP: 9/9
  8740 | D:8      | Found a staircase to the Lair.
  8765 | D:8      | 8765 ||| INVOKING Berserk.
  8795 | D:8      | 8795 ||| FLEEEEING.
  8799 | D:8      | Reached skill level 12 in Shields
  9068 | D:8      | 9068 ||| Stepping ~*~*~tactically~*~*~ (hiding).
  9069 | D:8      | 9069 ||| Stepping ~*~*~tactically~*~*~ (hiding).
  9074 | D:8      | 9074 ||| INVOKING Berserk.
  9086 | D:8      | 9086 ||| DRINKING 3 potions of curing.
  9086 | D:8      | 9086 ||| (to cure confusion)
  9260 | D:8      | 9260 ||| Stepping ~*~*~tactically~*~*~ (hiding).
  9265 | D:8      | 9265 ||| Stepping ~*~*~tactically~*~*~ (hiding).
  9652 | D:8      | Found a sparkling altar of Nemelex Xobeh.
  9747 | D:8      | 9747 ||| INVOKING Berserk.
  9753 | D:8      | Reached skill level 12 in Axes
  9926 | D:8      | Found a broken altar of Ashenzari.
  9927 | D:8      | 9927 ||| Stepping ~*~*~tactically~*~*~ (hiding).
  9936 | D:8      | 9936 ||| DRINKING 3 potions of curing.
  9936 | D:8      | 9936 ||| (to cure confusion)
 10133 | D:8      | 10133 ||| PLANNING LAIR
 10133 | D:8      | 10133 ||| UPGRADING to +2 hat.
 10138 | D:8      | 10138 ||| UPGRADING to +4 ring of protection.
 10139 | D:8      | 10139 ||| READING scroll labelled DINAUNWE DUMIU.
 10140 | D:8      | 10140 ||| READING 2 scrolls of identify.
 10140 | D:8      | 10140 ||| IDENTIFYING white potion
 10141 | D:8      | 10141 ||| DROPPING potion of degeneration.
 10184 | Lair:1   | Entered Level 1 of the Lair of Beasts
 10184 | Lair:1   | Noticed a cane toad
 10186 | Lair:1   | 10186 ||| INVOKING Berserk.
 10192 | Lair:1   | Killed a cane toad
 10306 | Lair:1   | 10306 ||| INVOKING Berserk.
 10448 | Lair:1   | Noticed a cane toad
 10450 | Lair:1   | 10450 ||| INVOKING Berserk.
 10452 | Lair:1   | Killed a cane toad
 10461 | Lair:1   | 10461 ||| Stepping ~*~*~tactically~*~*~ (stealth).
 10475 | Lair:1   | Reached skill level 13 in Axes
 10490 | Lair:1   | Noticed a cane toad
 10496 | Lair:1   | 10496 ||| INVOKING Berserk.
 10500 | Lair:1   | Killed a cane toad
 10528 | Lair:1   | 10528 ||| Stepping ~*~*~tactically~*~*~ (stealth).
 10549 | Lair:1   | 10549 ||| Stepping ~*~*~tactically~*~*~ (stealth).
 10550 | Lair:1   | 10550 ||| Stepping ~*~*~tactically~*~*~ (stealth).
 10552 | Lair:1   | 10552 ||| INVOKING Berserk.
 10570 | Lair:1   | Reached XP level 11. HP: 72/94 MP: 10/10
 10680 | Lair:1   | Reached skill level 3 in Throwing
 10680 | Lair:1   | 10680 ||| INVOKING Berserk.
 10690 | Lair:1   | 10690 ||| Stepping ~*~*~tactically~*~*~ (stealth).
 10796 | Lair:1   | 10796 ||| INVOKING Berserk.
 10902 | Lair:1   | 10902 ||| Stepping ~*~*~tactically~*~*~ (stealth).
 10909 | Lair:1   | 10909 ||| Stepping ~*~*~tactically~*~*~ (stealth).
 10916 | Lair:1   | 10916 ||| INVOKING Berserk.
 10920 | Lair:1   | Reached skill level 14 in Axes
 11318 | Lair:1   | 11318 ||| Stepping ~*~*~tactically~*~*~ (stealth).
 11320 | Lair:1   | 11320 ||| Stepping ~*~*~tactically~*~*~ (stealth).
 11329 | Lair:1   | Reached skill level 6 in Armour
 11329 | Lair:1   | 11329 ||| Stepping ~*~*~tactically~*~*~ (stealth).
 11330 | Lair:1   | 11330 ||| Stepping ~*~*~tactically~*~*~ (stealth).
 11331 | Lair:1   | 11331 ||| INVOKING Berserk.
 11514 | Lair:1   | 11514 ||| INVOKING Berserk.
 11785 | Lair:1   | 11785 ||| READING 2 scrolls of identify.
 11785 | Lair:1   | 11785 ||| IDENTIFYING clear potion
 11786 | Lair:1   | 11786 ||| DROPPING potion of lignification.
 11795 | Lair:2   | 11795 ||| INVOKING Berserk.
 11824 | Lair:2   | 11824 ||| STAIRDANCE
 11935 | Lair:2   | 11935 ||| Stepping ~*~*~tactically~*~*~ (stealth).
 11936 | Lair:2   | 11936 ||| Stepping ~*~*~tactically~*~*~ (stealth).
 11942 | Lair:2   | 11942 ||| Stepping ~*~*~tactically~*~*~ (stealth).
 11944 | Lair:2   | 11944 ||| Stepping ~*~*~tactically~*~*~ (hiding).
 11949 | Lair:2   | 11949 ||| INVOKING Berserk.
 11953 | Lair:2   | Reached skill level 15 in Axes
 11968 | Lair:2   | 11968 ||| Stepping ~*~*~tactically~*~*~ (stealth).
 12094 | Lair:2   | 12094 ||| Stepping ~*~*~tactically~*~*~ (stealth).
 12154 | Lair:2   | Found a hole to the Spider Nest.
 12165 | Lair:2   | Found a transporter.
 12168 | Lair:2   | Noticed qw's ghost (journeyman MiBe)
 12193 | Lair:2   | 12193 ||| INVOKING Berserk.
 12197 | Lair:2   | Reached skill level 9 in Fighting
 12515 | Lair:2   | 12515 ||| Stepping ~*~*~tactically~*~*~ (stealth).
 12530 | Lair:2   | 12530 ||| FLEEEEING.
 12530 | Lair:2   | Found a staircase to the Swamp.
 12556 | Lair:2   | Noticed a catoblepas
 12742 | Lair:2   | Found a transporter.
 12756 | Lair:2   | 12756 ||| INVOKING Berserk.
 12760 | Lair:2   | Reached skill level 3 in Dodging
 13033 | Lair:2   | 13033 ||| INVOKING Berserk.
 13037 | Lair:2   | Reached XP level 12. HP: 104/104 MP: 11/11
 13357 | Lair:2   | 13357 ||| READING 2 scrolls of identify.
 13357 | Lair:2   | 13357 ||| IDENTIFYING amethyst potion
 13358 | Lair:2   | 13358 ||| DROPPING potion of flight.
 13399 | Lair:3   | 13399 ||| STAIRDANCE
 13415 | Lair:3   | 13415 ||| STAIRDANCE
 13507 | Lair:3   | 13507 ||| Stepping ~*~*~tactically~*~*~ (stealth).
 13509 | Lair:3   | 13509 ||| Stepping ~*~*~tactically~*~*~ (stealth).
 13522 | Lair:3   | 13522 ||| INVOKING Berserk.
 13686 | Lair:3   | 13686 ||| INVOKING Berserk.
 13894 | Lair:3   | 13894 ||| Stepping ~*~*~tactically~*~*~ (stealth).
 13918 | Lair:3   | 13918 ||| Stepping ~*~*~tactically~*~*~ (stealth).
 13921 | Lair:3   | 13921 ||| Stepping ~*~*~tactically~*~*~ (stealth).
 13922 | Lair:3   | 13922 ||| Stepping ~*~*~tactically~*~*~ (stealth).
 13924 | Lair:3   | 13924 ||| Stepping ~*~*~tactically~*~*~ (stealth).
 13925 | Lair:3   | 13925 ||| Stepping ~*~*~tactically~*~*~ (stealth).
 13927 | Lair:3   | 13927 ||| Stepping ~*~*~tactically~*~*~ (stealth).
 13994 | Lair:3   | Reached skill level 16 in Axes
 14124 | Lair:3   | 14124 ||| INVOKING Berserk.
 14127 | Lair:3   | Noticed a death yak
 14127 | Lair:3   | Noticed a death yak
 14128 | Lair:3   | Noticed a death yak
 14128 | Lair:3   | Noticed a death yak
 14128 | Lair:3   | Noticed a death yak
 14128 | Lair:3   | Noticed a death yak
 14139 | Lair:3   | HP: 20/104 [death yak (13)]
 14140 | Lair:3   | 14140 ||| READING scroll of teleportation.
 14140 | Lair:3   | HP: 1/104 [death yak (11)]
 14140 | Lair:3   | Demolished by a death yak

Levels and vault maps discovered:
D:1:      nicolae_arrival_washed_ashore, layout_basic
D:2:      layout_basic, basic_altar, basic_ecumenical_altar, minmay_quantized,
          uniq_robin
D:3:      layout_rooms
D:4:      corexii_shack_village, layout_loops_ring,
          mainiacjoe_overflow_24_doors, mainiacjoe_overflow_brackets,
          uniq_natasha
D:5:      layout_gridville, general_overflow_altar,
          mainiacjoe_overflow_tiny_flanked, serial_shops, shop
D:6:      layout_basic, uniq_prince_ribbit1, uniq_blork_the_orc
D:7:      layout_gridville, kennysheep_mini_moat,
          nicolae_ru_the_path_less_chosen, temple_green, uniq_joseph,
          uniq_menkaure, uniq_pikel
D:8:      layout_loops_corners, evilmike_ruin_ashenzari, kennysheep_mini,
          lemuel_round_altar, erik_lair_island
Lair:1:   beast_lair_carwin_large_2, layout_long_grid,
          lightli_volcano_entry_magma_tube, lemuel_fruit_fields
Lair:2:   layout_gridlike, minmay_swamp_entry_wisps, spider_nest_entry_a,
          gammafunk_ghost_arena
Lair:3:   layout_cellular_growth, grunt_megastairs_5, infiniplex_staircase_pool

Skill      XL: |  1  2  3  4  5  6  7  8  9 10 11 12 |
---------------+-------------------------------------+-----
Axes           | 4 5 6 7 10 11 13 15 16 | 16.0
Shields        | 1 3 4 6 7 9 11 13 14 | 14.3
Throwing       | 1 2 3 |  3.2
Fighting       | 4 6 8 9 |  9.0
Armour         | 3 4 5 7 |  7.0
Dodging        | 3 |  3.0

Action                   |  1- 3 |  4- 6 |  7- 9 | 10-12 || total
-------------------------+-------+-------+-------+-------++-------
Melee: Hand axe          |    64 |    36 |       |       ||   100
       Headbutt          |     7 |    22 |    40 |    53 ||   122
       Punch             |     1 |       |       |       ||     1
       War axe           |       |   121 |   203 |   361 ||   685
Throw: Javelin           |       |       |    25 |    16 ||    41
       Boomerang         |       |       |     9 |    57 ||    66
Invok: Berserk           |     1 |     9 |    11 |    21 ||    42
  Use: Scroll            |     7 |     8 |     5 |     5 ||    25
       Potion            |       |       |     5 |     2 ||     7
Armor: Animal skin       |     2 |       |       |       ||     2
       Chain mail        |    20 |    63 |     2 |       ||    85
       Plate armour      |       |       |    66 |   135 ||   201
Dodge: Dodged            |    14 |    31 |    26 |    76 ||   147
Block: Tower shield      |    30 |   103 |   151 |   323 ||   607

Table legend:
 A = Non-vault XP
 B = Vault XP
 C = Vault XP percentage of total XP
 D = Non-vault monster count
 E = Vault monster count
 F = Vault count percentage of total count
                 A         B        C        D         E       F
            +---------+---------+-------+---------+---------+-------
      Total |   22155 |    4171 |  15.8 |     247 |      51 |  17.1
            +---------+---------+-------+---------+---------+-------
        D:1 |      24 |       0 |   0.0 |      14 |       0 |   0.0
        D:2 |      45 |      44 |  49.4 |      18 |      17 |  48.6
        D:3 |     228 |       0 |   0.0 |      21 |       0 |   0.0
        D:4 |     276 |      55 |  16.6 |      30 |      10 |  25.0
        D:5 |     446 |       0 |   0.0 |      17 |       0 |   0.0
        D:6 |     858 |     349 |  28.9 |      12 |       2 |  14.3
        D:7 |    1763 |    1231 |  41.1 |      29 |       3 |   9.4
        D:8 |    1352 |     705 |  34.3 |      26 |       9 |  25.7
     Lair:1 |    8170 |     871 |   9.6 |      34 |       7 |  17.1
     Lair:2 |    5324 |     916 |  14.7 |      28 |       3 |   9.7
     Lair:3 |    3669 |       0 |   0.0 |      18 |       0 |   0.0
            +---------+---------+-------+---------+---------+-------
